 Dungeon Crawl Stone Soup version 0.24.0-125-gc4c63601f3 (webtiles) character file.

Game seed: 1609603256499230297, levelgen mode: deterministic

3277 Gabide the Thaumaturge (level 10, -2/73 HPs)
             Began as a Gnoll Wanderer on Dec 5, 2019.
             Was an Initiate of Vehumet.
             Slain by a worker ant (8 damage)
             ... on level 7 of the Dungeon on Mar 5, 2020.
             The game lasted 00:41:20 (9546 turns).

Gabide the Thaumaturge (Gnoll Wanderer)             Turns: 9546, Time: 00:41:20

Health: -2/73      AC:  4    Str: 16    XL:     10   Next: 0%
Magic:  31/31      EV: 14    Int: 16    God:    Vehumet [......]
Gold:   271        SH:  0    Dex: 15    Spells: 14/26 levels left

rFire    . . .     SeeInvis .   a - +2 short sword
rCold    . . .     Gourm    .   (no shield)
rNeg     . . .     Faith    .   d - +2 robe
rPois    .         Spirit   .   (no helmet)
rElec    .         Reflect  .   (no cloak)
rCorr    .         Harm     .   (no gloves)
MR       .....                  (no boots)
Stlth    +++.......             (no amulet)
HPRegen  0.22/turn              c - ring of magical power
MPRegen  0.22/turn              t - +5 ring of slaying

@: drained
A: distributed training, fangs 1, strong nose
a: Renounce Religion


You were on level 7 of the Dungeon.
You worshipped Vehumet.
Vehumet was noncommittal.
You were not hungry.

You visited 2 branches of the dungeon, and saw 8 of its levels.
You also visited: Sewer.

You collected 271 gold pieces.

Inventory:

Hand Weapons
 a - a +2 short sword (weapon)
 e - a +0 dagger
 s - a +0 arbalest
Missiles
 l - 6 boomerangs of dispersal (quivered)
Armour
 d - a +2 robe (worn)
 y - the +0 large shield "Yvatalem" {Slay+3}
   (You found it on level 6 of the Dungeon)

   It affects your accuracy and damage with ranged weapons and melee attacks
   (+3).
Jewellery
 c - a ring of magical power (left hand)
 t - a +5 ring of slaying (right hand)
Wands
 m - a wand of digging (11)
 o - a wand of polymorph (5)
Scrolls
 i - 2 scrolls of remove curse
 r - a scroll of immolation
 u - a scroll of magic mapping
 A - a scroll of random uselessness {unknown}
 B - a scroll of enchant armour
Potions
 g - 4 potions of curing
 h - 2 potions of might
 j - a potion of brilliance
 n - a potion of invisibility {unknown}
 p - 2 potions of flight {unknown}
 q - a potion of degeneration {unknown}
 v - a potion of berserk rage {unknown}
 w - a potion of mutation {unknown}
 x - a potion of haste {unknown}
Comestibles
 f - 8 rations


   Skills:
 + Level 4.7(3.9) Fighting
 + Level 8.1(7.3) Short Blades
 + Level 4.7(3.9) Long Blades
 + Level 4.7(3.9) Axes
 + Level 4.7(3.9) Maces & Flails
 + Level 4.7(3.9) Polearms
 + Level 4.7(3.9) Staves
 + Level 4.7(3.9) Slings
 + Level 4.7(3.9) Bows
 + Level 4.7(3.9) Crossbows
 + Level 4.7(3.9) Throwing
 + Level 4.7(3.9) Armour
 + Level 4.7(3.9) Dodging
 + Level 6.3(5.6) Stealth
 + Level 4.7(3.9) Shields
 + Level 4.7(3.9) Unarmed Combat
 + Level 8.6(7.8) Spellcasting
 + Level 3.9(3.2) Conjurations
 + Level 3.9(3.2) Hexes
 + Level 3.9(3.2) Charms
 + Level 3.9(3.2) Summonings
 + Level 3.9(3.2) Necromancy
 + Level 4.5(3.7) Translocations
 + Level 3.9(3.2) Transmutations
 + Level 3.9(3.2) Fire Magic
 + Level 3.9(3.2) Ice Magic
 + Level 3.9(3.2) Air Magic
 + Level 4.5(3.7) Earth Magic
 + Level 3.9(3.2) Poison Magic
 + Level 5.2(4.4) Invocations
 + Level 4.7(3.9) Evocations


You had 14 spell levels left.
You knew the following spells:

 Your Spells              Type           Power        Failure   Level  Hunger
a - Magic Dart            Conj           ###.         3%          1    None
b - Blink                 Tloc           N/A          3%          2    None
c - Conjure Flame         Conj/Fire      ###.....     10%         3    ##.....
d - Mephitic Cloud        Conj/Pois/Air  ###.....     10%         3    ##.....
e - Dazzling Spray        Conj/Hex       ###...       10%         3    ##.....

Your spell library contained the following spells:

 Spells                   Type           Power        Failure   Level  Hunger
 Sandblast                Erth           ###...       2%          1    None
 Sting                    Conj/Pois      ###.         3%          1    None
 Call Imp                 Summ           ###.....     4%          2    None
 Passwall                 Tmut/Erth      ###.....     4%          2    None
 Poisonous Vapours        Pois/Air       ###...       4%          2    None
 Searing Ray              Conj           ###...       4%          2    None
 Slow                     Hex            ###.....     4%          2    None
 Stone Arrow              Conj/Erth      ###...       9%          3    ##.....
 Force Lance              Conj/Tloc      ###.....     26%         4    ####...
 Petrify                  Tmut/Erth      ###.....     26%         4    ####...
 Fulminant Prism          Conj/Hex       ###.......   30%         4    ####...
 Iskenderun's Mystic Bla  Conj           ###.....     30%         4    ####...
 Olgreb's Toxic Radiance  Pois           ###.....     30%         4    ####...
 Lee's Rapid Deconstruct  Erth           ###.......   56%         5    #####..
 Venom Bolt               Conj/Pois      ###.......   65%         5    #####..


Dungeon Overview and Level Annotations

Branches:
Dungeon (7/15)             Temple (1/1) D:6           Sewer (visited)

Altars:
Ashenzari
Cheibriados
Dithmenos
Elyvilon
Fedhas
Gozag
Hepliaklqana
Kikubaaqudgha
Makhleb
Nemelex Xobeh
Okawaru
Qazlal
Ru
Sif Muna
Trog
Uskayaw
Vehumet
Wu Jian
Xom
Yredelemnul
Zin
The Shining One

Annotations:
D:6 2 transporters, erthbison's ghost, novice DrAE


Innate Abilities, Weirdness & Mutations

Your experience applies equally to all skills.
You have very sharp teeth.
Your uncanny sense of smell can sniff out nearby items.


Message History

You barely miss the gnoll. Your bullfrog hits the gnoll shaman.
The gnoll completely misses you. The howler monkey hits you.
* * * LOW HITPOINT WARNING * * *
The gnoll hits you but does no damage.
The gnoll shaman barely misses your bullfrog.
The gnoll hits your gnoll with a +0 whip.
Your bullfrog hits the gnoll shaman. The worker ant bites you.
* * * LOW HITPOINT WARNING * * *
Your gnoll closely misses the gnoll.
Your bullfrog hits the gnoll shaman but does no damage.
The howler monkey hoots and howls with incredible vigour!
The gnoll hits your gnoll with a +0 spear.
The gnoll barely misses you.
You hear a shout!
Magic courses through your body. The worker ant bites you.
* * * LOW HITPOINT WARNING * * *
Your bullfrog hits the gnoll shaman.
Your gnoll hits the gnoll with a +0 whip!
The worker ant bites you!
You die...

#####
....).....#...##
..............#
.............#
#............#
##......##...##
#.......######
#....Wg..#
##.hhg..#
#..@gg..#
#...a....#
##..gF...#
#.......##
#.......#
#........#
##......##
#.......


You could see a phantom, a gnoll shaman, 2 howler monkeys, a worker ant, 3
gnolls, a friendly bullfrog and a friendly gnoll.

Vanquished Creatures
  Grinder (D:4)
  Sigmund (D:5)
  A human (D:7)
  3 hogs (D:7)
  An ice beast (D:7)
  2 phantoms
  An orc warrior (D:6)
  A sky beast (D:6)
  4 ogres
  A centaur (D:5)
  A crocodile (D:5)
  Blork the orc (D:6)
  2 bullfrogs
  2 scorpions
  4 wights (D:7)
  2 crimson imps (D:6)
  A centaur zombie (D:7)
  A bullfrog zombie (D:6)
  A jelly (D:7)
  A quasit (D:7)
  3 orc priests
  4 hounds
  2 orc wizards (D:4)
  An iguana (D:5)
  Natasha (thrice) (D:2)
  4 worker ants
  Robin (D:2)
  A worker ant zombie (D:5)
  3 gnolls (D:5)
  13 adders
  A river rat (Sewer)
  A shadow imp (D:5)
  5 oozes
  6 worms
  4 dart slugs
  8 leopard geckos
  14 orcs
  5 giant cockroaches
  13 goblins
  9 hobgoblins
  6 jackals
  3 quokkas
  3 ball pythons
  5 bats
  3 frilled lizards
  A giant cockroach zombie (D:6)
  13 kobolds
  9 rats
176 creatures vanquished.

Vanquished Creatures (others)
  A hog (D:7)
1 creature vanquished.

Grand Total: 177 creatures vanquished

Notes
Turn   | Place    | Note
-------+----------+-------------------------------------------
     0 | D:1      | Gabide the Gnoll Wanderer began the quest for the Orb.
     0 | D:1      | Gabide set off with the following items: a +0 short sword,
                  | a potion of curing, a +0 robe, a +0 dagger, a ration; and
                  | the following spell memorised: Magic Dart; and the
                  | following spells available to memorise: Blink, Call Imp,
                  | Slow, Conjure Flame, Mephitic Cloud
     0 | D:1      | Reached XP level 1. HP: 13/13 MP: 8/8
     4 | D:1      | Noticed an electric eel
   466 | D:1      | Reached XP level 2. HP: 19/19 MP: 5/10
   988 | D:1      | Learned a level 2 spell: Blink
  1131 | D:2      | Reached XP level 3. HP: 11/25 MP: 11/11
  1430 | D:2      | Reached skill level 1 in Invocations
  1487 | D:2      | Reached skill level 1 in Fighting
  1487 | D:2      | Reached skill level 1 in Long Blades
  1487 | D:2      | Reached skill level 1 in Axes
  1487 | D:2      | Reached skill level 1 in Maces & Flails
  1487 | D:2      | Reached skill level 1 in Polearms
  1487 | D:2      | Reached skill level 1 in Staves
  1487 | D:2      | Reached skill level 1 in Slings
  1487 | D:2      | Reached skill level 1 in Bows
  1487 | D:2      | Reached skill level 1 in Crossbows
  1487 | D:2      | Reached skill level 1 in Throwing
  1487 | D:2      | Reached skill level 1 in Armour
  1487 | D:2      | Reached skill level 1 in Dodging
  1487 | D:2      | Reached skill level 1 in Shields
  1487 | D:2      | Reached skill level 1 in Unarmed Combat
  1487 | D:2      | Reached skill level 1 in Evocations
  1671 | D:2      | Reached XP level 4. HP: 27/32 MP: 13/13
  1749 | D:2      | Noticed Natasha
  1769 | D:2      | Killed Natasha
  1882 | D:2      | Reached skill level 1 in Conjurations
  1882 | D:2      | Reached skill level 1 in Hexes
  1882 | D:2      | Reached skill level 1 in Charms
  1882 | D:2      | Reached skill level 1 in Summonings
  1882 | D:2      | Reached skill level 1 in Necromancy
  1882 | D:2      | Reached skill level 1 in Transmutations
  1882 | D:2      | Reached skill level 1 in Fire Magic
  1882 | D:2      | Reached skill level 1 in Ice Magic
  1882 | D:2      | Reached skill level 1 in Air Magic
  1882 | D:2      | Reached skill level 1 in Poison Magic
  2010 | D:2      | Noticed Natasha
  2019 | D:2      | Killed Natasha
  2019 | D:2      | Reached XP level 5. HP: 17/37 MP: 14/14
  2453 | D:2      | Found a burning altar of Makhleb.
  2455 | D:2      | Noticed a blizzard demon
  2612 | D:2      | Noticed Robin
  2638 | D:2      | Killed Robin
  2772 | D:2      | Learned a level 3 spell: Conjure Flame
  2776 | D:2      | Learned a level 3 spell: Mephitic Cloud
  2809 | D:2      | Noticed Natasha
  2817 | D:2      | Killed Natasha
  3210 | D:3      | Found a glowing drain.
  3297 | Sewer    | Entered a sewer
  3335 | Sewer    | Reached XP level 6. HP: 20/44 MP: 16/16
  5552 | D:4      | Noticed Grinder
  5561 | D:4      | Killed Grinder
  5561 | D:4      | Reached XP level 7. HP: 51/51 MP: 18/18
  5773 | D:4      | Upgraded the game from 0.24.0-37-gcf1ca852f1 to
                  | 0.24.0-123-gd5b16e6ec5
  5786 | D:4      | Learned a level 3 spell: Dazzling Spray
  5860 | D:4      | Reached skill level 5 in Stealth
  6215 | D:5      | Entered Level 5 of the Dungeon
  6243 | D:5      | Reached XP level 8. HP: 48/57 MP: 19/19
  6942 | D:5      | Noticed Sigmund
  6969 | D:5      | HP: 1/58 [something (15)]
  7356 | D:5      | Killed Sigmund
  7897 | D:6      | Upgraded the game from 0.24.0-123-gd5b16e6ec5 to
                  | 0.24.0-125-gc4c63601f3
  7978 | D:6      | Noticed Blork the orc
  7991 | D:6      | Killed Blork the orc
  8000 | D:6      | Got a translucent large shield
  8006 | D:6      | Identified the cursed +0 large shield "Yvatalem" {Slay+3}
                  | (You found it on level 6 of the Dungeon)
  8091 | D:6      | Reached XP level 9. HP: 55/65 MP: 21/21
  8095 | D:6      | Found a transporter.
  8097 | D:6      | Noticed erthbison's ghost (novice DrAE)
  8111 | D:6      | Found a transporter.
  8692 | D:6      | Found a staircase to the Ecumenical Temple.
  8696 | Temple   | Entered the Ecumenical Temple
  8808 | Temple   | Became a worshipper of Vehumet
  9336 | D:7      | Reached skill level 5 in Invocations
  9535 | D:7      | Reached XP level 10. HP: 27/73 MP: 0/22
  9546 | D:7      | Slain by a worker ant

Levels and vault maps discovered:
D:1:      arrival_aquarium_a, layout_basic
D:2:      layout_basic, first_ration, kennysheep_pointless_box,
          chequers_serial_rivers_small_b, hangedman_decor_opposing,
          hangedman_abyss_or_decor_lesser_grid, makhleb_altar_promises_db,
          uniq_natasha, uniq_robin
D:3:      layout_basic, portal_sewer_entry_f, kennysheep_path_1,
          kennysheep_generic_room_14
D:4:      layout_rooms, uniq_grinder
D:5:      layout_gridville, serial_bayou, serial_bayou_pond_a,
          serial_bayou_shore_b, serial_bayou_crossing, serial_bayou_lake_a,
          uniq_sigmund
D:6:      layout_loops_ring, temple_hall_moat, gammafunk_ghost_stat_death,
          uniq_blork_the_orc
D:7:      layout_gridville, grunt_livestock
Temple:   kilobyte_greek_temple

Skill      XL: |  1  2  3  4  5  6  7  8  9 |
---------------+----------------------------+-----
Translocations | 2 3 4 |  4.5
Earth Magic    | 2 3 4 |  4.5
Invocations    | 1 2 3 4 5 |  5.2
Fighting       | 1 2 3 4 |  4.7
Long Blades    | 1 2 3 4 |  4.7
Axes           | 1 2 3 4 |  4.7
Maces & Flails | 1 2 3 4 |  4.7
Polearms       | 1 2 3 4 |  4.7
Staves         | 1 2 3 4 |  4.7
Slings         | 1 2 3 4 |  4.7
Bows           | 1 2 3 4 |  4.7
Crossbows      | 1 2 3 4 |  4.7
Throwing       | 1 2 3 4 |  4.7
Armour         | 1 2 3 4 |  4.7
Dodging        | 1 2 3 4 |  4.7
Shields        | 1 2 3 4 |  4.7
Unarmed Combat | 1 2 3 4 |  4.7
Evocations     | 1 2 3 4 |  4.7
Conjurations   | 1 2 3 |  3.9
Hexes          | 1 2 3 |  3.9
Charms         | 1 2 3 |  3.9
Summonings     | 1 2 3 |  3.9
Necromancy     | 1 2 3 |  3.9
Transmutations | 1 2 3 |  3.9
Fire Magic     | 1 2 3 |  3.9
Ice Magic      | 1 2 3 |  3.9
Air Magic      | 1 2 3 |  3.9
Poison Magic   | 1 2 3 |  3.9
Short Blades   | 7 8 |  8.1
Stealth        | 5 6 |  6.3
Spellcasting   | 8 |  8.6

Action                   |  1- 3 |  4- 6 |  7- 9 | 10-12 || total
-------------------------+-------+-------+-------+-------++-------
Melee: Short sword       |    33 |   167 |   206 |     4 ||   410
       Bite              |     2 |    15 |    26 |       ||    43
       Unarmed           |       |     5 |     3 |       ||     8
       Punch             |       |     1 |     1 |       ||     2
 Cast: Magic Dart        |    72 |   152 |    27 |       ||   251
       Mephitic Cloud    |       |    14 |    20 |       ||    34
       Conjure Flame     |       |     2 |     2 |       ||     4
       Dazzling Spray    |       |       |    64 |       ||    64
Evoke: Wand              |       |       |     3 |     3 ||     6
  Use: Scroll            |     4 |     7 |    11 |       ||    22
       Potion            |     1 |     1 |     6 |     1 ||     9
 Stab: Distracted        |     1 |       |       |       ||     1
       Sleeping          |       |     3 |     9 |       ||    12
       Confused          |       |     4 |     5 |       ||     9
       Invisible         |       |       |     4 |       ||     4
  Eat: Chunk             |     2 |    12 |     5 |       ||    19
       Ration            |       |       |     4 |       ||     4
Armor: Robe              |     4 |    19 |    12 |     2 ||    37
Dodge: Dodged            |    32 |   104 |   104 |     9 ||   249
Block: Large shield      |       |       |    37 |       ||    37
